 Dungeon Crawl Stone Soup version 0.31-a0-193-gdfe2569204 (webtiles) character file.

Game seed: 2095767189912190891

75 qw the Shooter (level 4, -1/25 HPs)
             Began as a Deep Elf Hunter on June 23, 2023.
             Slain by a cerulean imp
             ... wielding a +2 spear
             ... summoned by Natasha
              (2 damage)
             ... on level 2 of the Dungeon.
             The game lasted 00:00:21 (1165 turns).

qw the Shooter (Deep Elf Hunter)                    Turns: 1165, Time: 00:00:22

Health: -1/25      AC:  5    Str: 10    XL:     4   Next: 11%
Magic:  6/6        EV: 11    Int: 14    God:
Gold:   69         SH:  0    Dex: 18    Spells: 3/3 levels left

rFire   . . .        Y - +0 shortbow
rCold   . . .        (shield currently unavailable)
rNeg    + . .        j - +0 ring mail
rPois   .            (no helmet)
rElec   .            (no cloak)
rCorr   .            (no gloves)
SInv    .            (no boots)
Will    .....        (no amulet)
Stlth   +            e - ring of positive energy
HPRegen 0.24/turn    (no ring)
MPRegen 0.10/turn

%: no passive effects
@: about to teleport
A: no striking features
a: no special abilities


You were on level 2 of the Dungeon.
You visited 1 branch of the dungeon, and saw 2 of its levels.

You collected 69 gold pieces.


   Skills:
 - Level 1.5 Fighting
 + Level 7.5 Ranged Weapons
 - Level 2.4 Dodging
 - Level 1.2 Stealth


You had 3 spell levels left.
You didn't know any spells.
Your spell library was empty.

Inventory:

Hand Weapons
 Y - a +0 shortbow (weapon)
Armour
 j - a +0 ring mail (worn)
Jewellery
 e - a ring of positive energy (left hand)
 h - a ring of fire
Scrolls
 c - a scroll of acquirement {unknown}
Potions
 b - 2 potions of brilliance {unknown}
 g - a potion of enlightenment {unknown}
 l - a potion of curing {unknown}

Dungeon Overview and Level Annotations

Branches:
Dungeon (2/15)

Altars:

Annotations:
D:2 Natasha


Message History

The cerulean imp hits you with a +2 spear.
The cerulean imp hits you from afar with a +2 spear.
You shoot an arrow. The arrow hits the cerulean imp!
The cerulean imp is severely wounded.
The cerulean imp barely misses you. The cerulean imp closely misses you.
You shoot an arrow. The arrow hits the cerulean imp.
You kill the cerulean imp!
The cerulean imp disappears in a puff of smoke!
The cerulean imp closely misses you.
Natasha casts a spell.
You shoot an arrow. The arrow hits Natasha.
Natasha is severely wounded.
The cerulean imp hits you but does no damage.
Natasha barely misses you.
You shoot an arrow. The arrow closely misses Natasha.
The cerulean imp hits you but does no damage.
The cerulean imp completely misses you. Natasha claws you.
The cerulean imp barely misses you.
You shoot an arrow. The arrow closely misses Natasha.
The cerulean imp hits you from afar with a +2 spear.
Natasha mumbles some strange words.
The cerulean imp barely misses you. x2
You shoot an arrow. The arrow hits Natasha.
Natasha is almost dead.
Natasha claws you but does no damage. The cerulean imp barely misses you.
The cerulean imp hits you from afar with a +2 spear.
The cerulean imp hits you with a +2 spear.
1164 ||| READING scroll of teleportation.
As you read the scroll of teleportation, it crumbles to dust.
You feel strangely unstable. Natasha casts a spell at you.
You resist with some effort.
The cerulean imp hits you from afar with a +2 spear.
The cerulean imp closely misses you. The cerulean imp misses you.
You shoot an arrow. The arrow barely misses Natasha.
Natasha barely misses you.
The cerulean imp hits you from afar with a +2 spear.
The cerulean imp barely misses you.
The cerulean imp hits you from afar with a +2 spear.
You die...

##..........#
######..###...
...###...#
##..###..#####
...(........... .
###.####......> #.. #
#...# #...#### Kh
###.#
##....#####)##).
#.#####....5@#....5..
#...##.......h5# .
###.........#5##
#...#..)......#...
#.............#####
...#####......## .
#.......# #.......#
#.......#


You could see Natasha and 3 cerulean imps.

Vanquished Creatures
  An orc priest (D:2)
  A gnoll (D:1)
  2 adders (D:2)
  2 orcs (D:2)
  2 endoplasms (D:1)
  A goblin (D:2)
  A hobgoblin (D:2)
  3 jackals (D:1)
  3 ball pythons (D:1)
  A bat (D:1)
  A kobold (D:2)
  A rat (D:1)
19 creatures vanquished.

Notes
Turn   | Place    | Note
-------+----------+-------------------------------------------
     0 | D:1      | qw the Deep Elf Hunter began the quest for the Orb.
     0 | D:1      | Reached XP level 1. HP: 12/12 MP: 3/3
     0 | D:1      | 0 ||| qw: Version: 0.3-a-9-g12657ce
     0 | D:1      | 0 ||| qw: Game counter: 4593
     0 | D:1      | 0 ||| qw: Always use a shield: true
     0 | D:1      | 0 ||| qw: God list: Okawaru
     0 | D:1      | 0 ||| qw: Allow faded altars: false
     0 | D:1      | 0 ||| qw: Do Orc after D:15 true
     0 | D:1      | 0 ||| qw: Do second Lair branch before Depths: true
     0 | D:1      | 0 ||| qw: Lair rune preference: random
     0 | D:1      | 0 ||| qw: Plans: Normal
     0 | D:1      | 0 ||| PLANNING D:1-11
   191 | D:1      | Reached skill level 6 in Ranged Weapons
   191 | D:1      | Reached XP level 2. HP: 10/16 MP: 4/4
   306 | D:1      | Found a faded altar of an unknown god.
   853 | D:1      | 853 ||| UPGRADING to +0 ring mail.
   863 | D:1      | 863 ||| DROPPING +0 leather armour.
   864 | D:1      | 864 ||| UPGRADING to ring of positive energy.
   865 | D:1      | 865 ||| READING 3 scrolls labelled BYFEXU YNATH.
   869 | D:1      | 869 ||| READING scroll labelled UXTEWKA OLAHIT.
   870 | D:1      | 870 ||| READING scroll labelled CAC YNALAJ.
   871 | D:1      | 871 ||| READING scroll labelled XEMMIA WOLL.
   895 | D:1      | 895 ||| DROPPING scroll of butterflies.
   919 | D:2      | HP: 4/16 [orc priest/divine providence (12)]
   920 | D:2      | 920 ||| READING 2 scrolls of teleportation.
   999 | D:2      | Reached skill level 7 in Ranged Weapons
   999 | D:2      | Reached XP level 3. HP: 20/20 MP: 5/5
  1128 | D:2      | Reached XP level 4. HP: 23/25 MP: 6/6
  1147 | D:2      | Noticed Natasha
  1151 | D:2      | 1151 ||| Stepping ~*~*~tactically~*~*~ (outnumbered).
  1154 | D:2      | 1154 ||| Stepping ~*~*~tactically~*~*~ (outnumbered).
  1163 | D:2      | HP: 6/25 [cerulean imp/+2 spear[Natasha] (1)]
  1164 | D:2      | 1164 ||| READING scroll of teleportation.
  1165 | D:2      | HP: 1/25 [cerulean imp/+2 spear[Natasha] (2)]
  1165 | D:2      | Slain by a cerulean imp

Levels and vault maps discovered:
D:1:      mainiacjoe_arrival_reflecting_pool, layout_basic,
          dreamdust_ecumenical_altar_hidden_monk_grotto
D:2:      layout_rooms, uniq_natasha, uniq_jessica

Skill      XL: |  1  2 |
---------------+-------+-----
Ranged Weapons | 6 7 |  7.5
Fighting       | |  1.5
Dodging        | |  2.4
Stealth        | |  1.2

Action                     |  1- 3 |  4- 6 || total
---------------------------+-------+-------++-------
   Fire: Shortbow          |    58 |    14 ||    72
    Use: Scroll            |     5 |     1 ||     6
 Armour: Ring mail         |     4 |     3 ||     7
  Dodge: Dodged            |    18 |    14 ||    32

Table legend:
 A = Non-vault XP
 B = Vault XP
 C = Vault XP percentage of total XP
 D = Non-vault monster count
 E = Vault monster count
 F = Vault count percentage of total count
                 A         B        C        D         E       F
            +---------+---------+-------+---------+---------+-------
      Total |     108 |       0 |   0.0 |      19 |       0 |   0.0
            +---------+---------+-------+---------+---------+-------
        D:1 |      30 |       0 |   0.0 |      11 |       0 |   0.0
        D:2 |      78 |       0 |   0.0 |       8 |       0 |   0.0
            +---------+---------+-------+---------+---------+-------
